 Dungeon Crawl Stone Soup version 0.25.1-2-g60ff931df9 (webtiles) character file.

Game seed: 5360345149112422440

18481 Luthien the Thaumaturge (level 12, -1/73 HPs)
             Began as a Deep Elf Conjurer on Aug 17, 2020.
             Was an Elder of Vehumet.
             Slain by a black mamba (13 damage)
             ... on level 2 of the Lair of Beasts.
             The game lasted 01:23:27 (15868 turns).

Luthien the Thaumaturge (Deep Elf Conjurer)        Turns: 15868, Time: 01:23:28

Health: -1/73      AC:  8    Str:  5    XL:     12   Next: 28%
Magic:  30/41      EV: 12    Int: 26    God:    Vehumet [****..]
Gold:   652        SH:  0    Dex: 15    Spells: 26/39 levels left

rFire    + . .     SeeInvis .   a - +5 long sword (freeze)
rCold    . . .     Gourm    .   (no shield)
rNeg     . . .     Faith    .   I - +1 acid dragon scales
rPois    .         Spirit   .   x - +0 hat
rElec    .         Reflect  .   D - +0 cloak
rCorr    +         Harm     .   (no gloves)
MR       +....                  (no boots)
Stlth    ++........             S - amulet of magic regeneration
HPRegen  0.22/turn              s - ring of protection from fire
MPRegen  0.52/turn              o - ring of magical power

@: lethally poisoned (-1 -> -54), studying Long Blades
A: no striking features
a: Renounce Religion


You were on level 2 of the Lair of Beasts.
You worshipped Vehumet.
Vehumet was greatly pleased with you.
You were not hungry.

You visited 3 branches of the dungeon, and saw 13 of its levels.
You also visited: Ossuary.

You collected 652 gold pieces.

Inventory:

Hand Weapons
 a - a +5 long sword of freezing (weapon)
 B - the +3 sling "Punk" {acid, rCorr}
   (You found it on level 1 of the Lair of Beasts)

   It provides partial protection from all sources of acid and corrosion.
 L - a cursed +0 great sword
Missiles
 d - 54 sling bullets
 h - 2 silver javelins
 k - 318 stones (quivered)
 l - 26 poisoned darts
 n - 178 bolts
 M - 136 arrows
Armour
 x - a +0 hat (worn)
 D - a +0 cloak (worn)
 I - +1 acid dragon scales (worn)
 J - a +1 chain mail of fire resistance
Magical Staves
 b - an uncursed staff of energy
Jewellery
 o - a ring of magical power (right hand)
 s - a ring of protection from fire (left hand)
 S - an amulet of magic regeneration (around neck)
 W - an uncursed ring of protection from cold
Wands
 e - a wand of flame (19)
 K - a wand of paralysis (12)
Scrolls
 f - 7 scrolls of remove curse
 i - 2 scrolls of noise {unknown}
 j - a scroll of acquirement {unknown}
 m - 6 scrolls of identify
 q - 3 scrolls of blinking
 r - a scroll of enchant armour
 u - 4 scrolls of fear
 v - 3 scrolls of amnesia {unknown}
 y - a scroll of immolation
 A - 2 scrolls of vulnerability {unknown}
 C - 6 scrolls of teleportation
 N - 2 scrolls of fog {unknown}
 P - a scroll of summoning {unknown}
 U - a scroll of magic mapping {unknown}
Potions
 g - 5 potions of brilliance
 p - 9 potions of curing
 t - 4 potions of flight
 w - 5 potions of heal wounds
 z - 3 potions of haste
 F - 5 potions of stabbing
 H - 2 potions of magic {unknown}
 O - 3 potions of mutation {unknown}
 Q - a potion of ambrosia {unknown}
 R - 3 potions of might
 X - 2 potions of berserk rage {unknown}
Books
 Z - a manual of Long Blades
Miscellaneous
 E - a phial of floods
Comestibles
 c - 16 rations
 G - 2 chunks of flesh


   Skills:
 + Level 7.8 Fighting
 * Level 10.6 Long Blades
 - Level 3.3 Dodging
 - Level 3.5 Stealth
 - Level 14.0 Spellcasting
 - Level 12.5 Conjurations
 - Level 3.7 Evocations


You had 26 spell levels left.
You knew the following spells:

 Your Spells              Type           Power        Failure   Level  Hunger
a - Magic Dart            Conj           ####         1%          1    None
b - Searing Ray           Conj           ######       1%          2    None
i - Iskenderun's Mystic   Conj/Tloc      ######..     1%          4    None
p - Fulminant Prism       Conj/Hex       ######....   1%          4    None
A - Swiftness             Chrm/Air       ###.....     10%         2    None

Your spell library contained the following spells:

 Spells                   Type           Power        Failure   Level  Hunger
 Inner Flame              Hex/Fire       ###.....     5%          3    None
 Dazzling Flash           Conj/Hex       ######       1%          3    None
 Passwall                 Tmut/Erth      ###.....     10%         2    None
 Lee's Rapid Deconstruct  Erth           ###.......   41%         5    ##.....
 Passage of Golubria      Tloc           N/A          54%         4    None
 Darkness                 Hex            ###.......   100%        6    ####...
 Invisibility             Hex            ###.....     100%        6    ####...


Dungeon Overview and Level Annotations

Branches:
Dungeon (10/15)            Temple (1/1) D:6            Lair (2/6) D:9
  Snake (0/4) Lair:2      Ossuary (visited)
  Swamp: Lair:2-4    Shoals: Lair:2-4       Orc: D:9-12

Altars:
Ashenzari
Cheibriados
Dithmenos
Fedhas
Gozag
Hepliaklqana
Nemelex Xobeh
Okawaru
Qazlal
Ru
Sif Muna
Trog
Uskayaw
Vehumet
Wu Jian
Xom
Yredelemnul
Zin
Lugonu

Shops:
D:10 (

Annotations:
D:5 1 runed translucent door, Crazy Yiuf
D:8 2 transporters


Message History

You feel very sick. The black mamba barely misses you. x2
You feel very sick.
Your fulminant prism crackles loudly.
The black mamba barely misses you.
You feel very sick.
Your fulminant prism explodes!
The blast of energy engulfs the black mamba!!
The black mamba is almost dead.
Casting: Fulminant Prism (dangerous; 1% risk of failure)
Confirm with . or Enter, or press ? or * to list all spells.
Aiming: Fulminant Prism (dangerous; 1% risk of failure)
Press: ? - help, Dir - move target cursor You conjure a prism of explosive energy!
A fulminant prism comes into view.
* * * LOW HITPOINT WARNING * * *
You feel very sick. The black mamba bites you!
* * * LOW HITPOINT WARNING * * *
The black mamba bites you!
You die...

...... . ....# ... ###
#...#...# ###.## #...#....
#.. #.#..###......# PP.####
#....#...<....#
....#..#########.....#÷†....#
.......#P#.##P#........######
...P.!.#...*S@..........##
...P.>....####.#.........#
.........## ##............#
#.......## ##........>#....
#.......######...............
##.#......##.###.....#.#..P..
###......##.♣........#.#....
#.......#.....##......####
#.....>.♣♣.<.♣##....##.#####


You could see a black mamba and a friendly fulminant prism.

Vanquished Creatures
  A hydra (Lair:1)
  3 death yaks (D:9)
  Pikel (D:5)
  2 black mambas (Lair:1)
  4 spiny frogs (Lair:1)
  2 rime drakes
  2 komodo dragons (Lair:2)
  2 trolls (D:7)
  5 hippogriffs (Lair:2)
  21 yaks
  A wyvern (D:8)
  A steam dragon (Lair:2)
  A soldier ant (D:7)
  Menkaure (D:5)
  An acid dragon (D:7)
  6 water moccasins
  3 porcupines
  6 orc warriors
  3 sky beasts
  2 black bears
  An eye of draining (D:10)
  2 ice beasts
  2 necrophages
  A wolf (Lair:1)
  4 ogres
  A phantom (D:7)
  2 centaurs (D:7)
  5 crocodiles
  3 elf zombies (Ossuary)
  3 big kobolds
  11 bullfrogs
  A wyvern skeleton (D:10)
  2 scorpions
  17 wights
  5 howler monkeys
  5 crimson imps
  4 centaur zombies (Ossuary)
  5 human zombies (Ossuary)
  2 jellies
  A bullfrog skeleton (D:6)
  3 bullfrog zombies
  7 hounds
  4 orc priests
  A centaur skeleton (D:10)
  3 iguanas
  7 orc wizards
  16 worker ants
  2 hell rats (Lair:2)
  2 killer bee zombies
  3 mummies (Ossuary)
  2 worker ant zombies (D:7)
  A howler monkey zombie (D:7)
  4 gnolls (D:8)
  14 adders
  A howler monkey skeleton (D:6)
  6 river rats (Lair:2)
  A shadow imp (D:7)
  An ooze (D:4)
  2 adder zombies
  3 worms (D:2)
  A dart slug (D:4)
  9 leopard geckos
  32 orcs
  3 ball pythons
  5 bats
  6 giant cockroaches
  7 goblins
  6 hobgoblins
  5 jackals
  22 kobolds
  5 quokkas
  5 frilled lizards
  A jackal skeleton (D:7)
  A leopard gecko skeleton (D:5)
  A quokka skeleton (D:8)
  6 rats
  2 fungi (Lair:2)
  A plant (D:1)
346 creatures vanquished.

Vanquished Creatures (others)
  183 fulminant prisms
  4 fungi
187 creatures vanquished.

Grand Total: 533 creatures vanquished

Notes
Turn   | Place    | Note
-------+----------+-------------------------------------------
     0 | D:1      | Luthien the Deep Elf Conjurer began the quest for the Orb.
     0 | D:1      | Reached XP level 1. HP: 10/10 MP: 6/6
   475 | D:1      | Reached XP level 2. HP: 15/15 MP: 5/8
  1560 | D:2      | Reached XP level 3. HP: 19/19 MP: 5/10
  1716 | D:2      | Found a shadowy altar of Dithmenos.
  2096 | D:2      | Reached skill level 4 in Spellcasting
  2096 | D:2      | Reached XP level 4. HP: 24/24 MP: 9/12
  2205 | D:2      | Reached skill level 5 in Conjurations
  2209 | D:2      | Learned a level 2 spell: Searing Ray
  3566 | D:3      | Found a faded altar of an unknown god.
  3635 | D:3      | Reached XP level 5. HP: 28/28 MP: 14/14
  3866 | D:3      | Found an iron altar of Okawaru.
  4088 | D:4      | Reached skill level 5 in Spellcasting
  4687 | D:4      | Reached XP level 6. HP: 25/32 MP: 16/16
  4851 | D:4      | Got a warped scale mail
  4874 | D:4      | Reached skill level 6 in Spellcasting
  5088 | D:5      | Entered Level 5 of the Dungeon
  5088 | D:5      | Found a basalt altar of Yredelemnul.
  5567 | D:5      | Reached skill level 7 in Spellcasting
  5567 | D:5      | Reached XP level 7. HP: 36/36 MP: 19/19
  5584 | D:5      | Identified the +1 scale mail of the Desolation of Salt
                  | {rElec Str+4} (You found it on level 4 of the Dungeon)
  5852 | D:5      | Noticed Pikel
  5861 | D:5      | Killed Pikel
  5861 | D:5      | Reached skill level 8 in Spellcasting
  5861 | D:5      | Reached XP level 8. HP: 41/41 MP: 22/22
  6072 | D:5      | Reached skill level 9 in Spellcasting
  6170 | D:5      | Found a runed translucent door.
  6171 | D:5      | Noticed Crazy Yiuf
  6196 | D:5      | Noticed Menkaure
  6202 | D:5      | Killed Menkaure
  6431 | D:6      | Found a staircase to the Ecumenical Temple.
  6499 | D:6      | Found a sand-covered staircase.
  6507 | Ossuary  | Entered an ossuary
  6547 | Ossuary  | Reached skill level 10 in Spellcasting
  6945 | D:6      | Reached XP level 9. HP: 34/45 MP: 25/25
  7131 | D:6      | Reached skill level 11 in Spellcasting
  7131 | D:6      | Reached skill level 10 in Conjurations
  7403 | D:6      | Reached skill level 1 in Fighting
  7572 | Temple   | Entered the Ecumenical Temple
  7742 | Temple   | Became a worshipper of Vehumet
  7966 | D:7      | Found a blossoming altar of Fedhas.
  8454 | D:7      | Identified the +6 shortbow "Deghitro" {freeze, rF+ rN++
                  | Str-4}
  8612 | D:7      | Reached * piety under Vehumet
  8612 | D:7      | Offered knowledge of Foxfire by Vehumet.
  8612 | D:7      | Reached skill level 12 in Spellcasting
  8692 | D:7      | Noticed a troll
  8699 | D:7      | Killed a troll
  8727 | D:7      | Learned a level 4 spell: Fulminant Prism
  8808 | D:7      | Noticed a troll
  8816 | D:7      | Reached XP level 10. HP: 35/56 MP: 28/28
  9084 | D:7      | Found an ornate altar of the Wu Jian Council.
  9086 | D:7      | Found a glowing silver altar of Zin.
  9130 | D:7      | Got a translucent hand crossbow
  9131 | D:7      | Identified the +8 hand crossbow "Jellyslayer" {flame, MR-
                  | Str+4 Int+4} (You found it on level 7 of the Dungeon)
  9798 | D:8      | Noticed a red ugly thing
  9799 | D:8      | Noticed a brown ugly thing
  9800 | D:8      | Found a corrupted altar of Lugonu.
  9803 | D:8      | Found a transporter.
  9838 | D:8      | Offered knowledge of Sandblast by Vehumet.
  9947 | D:8      | Found an opulent altar of Gozag.
  9947 | D:8      | Found a bloodstained altar of Trog.
  9999 | D:8      | Reached ** piety under Vehumet
 10100 | D:8      | Reached skill level 13 in Spellcasting
 10180 | D:8      | Found a transporter.
 10471 | D:9      | Found a staircase to the Lair.
 10471 | D:9      | Noticed a death yak
 10478 | D:9      | Noticed a death yak
 10549 | D:9      | Reached skill level 5 in Fighting
 10684 | D:9      | Found a shattered altar of Ashenzari.
 10803 | D:9      | Reached skill level 1 in Evocations
 10838 | D:9      | Killed a death yak
 10981 | D:9      | Noticed a death yak
 11002 | D:9      | Killed a death yak
 11002 | D:9      | Offered knowledge of Static Discharge by Vehumet.
 11002 | D:9      | Reached XP level 11. HP: 47/64 MP: 23/30
 11023 | D:9      | Killed a death yak
 11441 | D:9      | Reached *** piety under Vehumet
 11477 | D:9      | Reached skill level 1 in Long Blades
 11477 | D:9      | Reached skill level 14 in Spellcasting
 11477 | D:9      | Offered knowledge of Olgreb's Toxic Radiance by Vehumet.
 12085 | D:9      | Learned a level 2 spell: Swiftness
 12090 | D:9      | Learned a level 4 spell: Iskenderun's Mystic Blast
 12117 | D:10     | Entered Level 10 of the Dungeon
 12453 | D:10     | Reached **** piety under Vehumet
 12954 | D:10     | Found Yskerch's Weapon Shoppe.
 13149 | Lair:1   | Entered Level 1 of the Lair of Beasts
 13510 | Lair:1   | Reached skill level 5 in Long Blades
 13526 | Lair:1   | Offered knowledge of Inner Flame by Vehumet.
 14089 | Lair:1   | Found the +3 sling "Punk" {acid, rCorr}
 14508 | Lair:1   | Noticed an eight-headed hydra
 14531 | Lair:1   | Killed an eight-headed hydra
 14531 | Lair:1   | Reached XP level 12. HP: 72/72 MP: 23/32
 15433 | Lair:2   | Reached skill level 10 in Long Blades
 15823 | Lair:2   | Found a staircase to the Snake Pit.
 15868 | Lair:2   | Slain by a black mamba

Illustrated notes

Levels and vault maps discovered:
D:1:      lightli_arrival_noodles, layout_loops_ring, lexackson_kobold_supper
D:2:      minmay_skewed_foursquare, layout_basic,
          nicolae_dithmenos_through_a_glass_darkly
D:3:      layout_loops_corners, lemuel_coloured_pillars_altar,
          chequers_ecumenical_altar_simple_redux
D:4:      layout_loops_ring, first_ration
D:5:      layout_basic, overflow_temple_1_default, minmay_manual_mess,
          uniq_pikel, uniq_crazy_yiuf_cottage, uniq_menkaure
D:6:      layout_cave_pools, temple_fountains, chequers_ossuary_entry_cave
D:7:      minmay_the_grid_octo_2x2 [minmay_the_grid_octo_pinwheel,
          minmay_the_grid_octo_checkered, minmay_the_grid_octo_vomiting_pacman,
          minmay_the_grid_octo_prize_star], layout_basic, fedhas_altar_2
D:8:      gammafunk_corrupted_shrine, layout_basic,
          gammafunk_temple_overflow_wave
D:9:      layout_basic, nicolae_ashenzari_panopticon, dpeg_lair_monsters
D:10:     layout_loops_ring, serial_shops, shop_fountains
Temple:   regret_index_temple_generic_petals
Lair:1:   layout_loops_ring, beast_lair_carwin_5
Lair:2:   layout_misc_corridors, dummy_snake_entry, minmay_holes,
          kennysheep_rathole, grunt_megastairs_3, infiniplex_staircase_pool

Skill      XL: |  1  2  3  4  5  6  7  8  9 10 11 12 |
---------------+-------------------------------------+-----
Stealth        | 3 |  3.5
Dodging        | 3 |  3.3
Spellcasting   | 4 5 7 8 10 12 13 14 | 14.0
Conjurations   | 5 6 7 8 9 11 12 | 12.5
Fighting       | 3 5 7 |  7.8
Evocations     | 2 3 |  3.7
Long Blades    | 8 10 | 10.6

Action                   |  1- 3 |  4- 6 |  7- 9 | 10-12 || total
-------------------------+-------+-------+-------+-------++-------
Melee: Club              |    42 |       |       |       ||    42
       Falchion          |       |       |       |     5 ||     5
       Staff             |       |       |       |     3 ||     3
       Long sword        |       |       |       |    27 ||    27
 Cast: Magic Dart        |    69 |    90 |    62 |    90 ||   311
       Searing Ray       |       |    16 |    70 |    45 ||   131
       Fulminant Prism   |       |       |     4 |   180 ||   184
Evoke: Staff of energy   |       |       |       |    28 ||    28
  Use: Scroll            |       |       |     7 |    10 ||    17
       Potion            |       |       |       |     1 ||     1
  Eat: Chunk             |     4 |    10 |    10 |    16 ||    40
       Ration            |       |       |       |     2 ||     2
Armor: Robe              |     1 |     1 |     2 |       ||     4
       Acid dragon scale |       |       |       |    24 ||    24
Dodge: Dodged            |     7 |    20 |    38 |    53 ||   118
       Rpst.: Falchion   |       |       |       |     5 ||     5
       Long sword        |       |       |       |     9 ||     9
